 Dungeon Crawl Stone Soup version 0.28-a0-476-g0f06bd746f (webtiles) character file.

Game seed: 14457687058458129257

544 Squid the Chopper (level 7, -7/94 HPs)
             Began as a Hill Orc Berserker on Sept 16, 2021.
             Was a Believer of Trog.
             Mangled by an ogre (30 damage)
             ... on level 5 of the Dungeon.
             The game lasted 00:08:27 (5918 turns).

Squid the Chopper (Hill Orc Berserker)              Turns: 5918, Time: 00:08:28

Health: -7/94      AC:  9    Str: 22    XL:     7   Next: 27%
Magic:  7/7        EV:  8    Int:  7    God:    Trog [**....]
Gold:   256        SH:  0    Dex: 10    Spells: 6/6 levels left

rFire   + . .      SeeInvis .   a - +0 hand axe
rCold   x . .      Faith    .   (no shield)
rNeg    . . .      Spirit   .   g - +0 chain mail
rPois   .          Reflect  .   (no helmet)
rElec   .          Harm     .   (no cloak)
rCorr   .          Rampage  .   (no gloves)
Will    .....                   (no boots)
Stlth   ..........              (no amulet)
HPRegen 0.25/turn               b - ring of fire
MPRegen 0.10/turn               (no ring)

@: berserking, very quick
A: no striking features
a: Renounce Religion, Berserk, Trog's Hand


You were on level 5 of the Dungeon.
You worshipped Trog.
Trog was pleased with you.
You visited 2 branches of the dungeon, and saw 6 of its levels.

You collected 256 gold pieces.

Inventory:

Hand Weapons
 a - a +0 hand axe (weapon)
Missiles
 c - 2 datura-tipped darts (quivered)
Armour
 g - a +0 chain mail (worn)
Jewellery
 b - a ring of fire (left hand)
Scrolls
 d - 2 scrolls of identify
 e - a scroll of enchant weapon {unknown}
 h - a scroll of enchant armour {unknown}
Potions
 f - a potion of berserk rage {unknown}
 i - a potion of haste {unknown}


   Skills:
 + Level 6.2 Fighting
 + Level 7.7 Axes
 + Level 0.1 Throwing
 * Level 4.4 Armour
 - Level 1.5 Dodging


You had 6 spell levels left.
You didn't know any spells.
Your spell library was empty.

Dungeon Overview and Level Annotations

Branches:
Dungeon (5/15)             Temple (1/1) D:4

Altars:
Cheibriados
Dithmenos
Elyvilon
Fedhas
Hepliaklqana
Kikubaaqudgha
Nemelex Xobeh
Ru
Sif Muna
Trog
Uskayaw
Vehumet
Yredelemnul


Message History

You swing at nothing.
You feel sick.
You are no longer poisoned.
You swing at nothing.
You swing at nothing.
You swing at nothing.
You swing at nothing.
You swing at nothing.
You swing at nothing.
You swing at nothing.
You swing at nothing.
You swing at nothing.
You swing at nothing.
You swing at nothing.
You swing at nothing.
You swing at nothing.
You start resting.
An ogre comes into view. It is wielding a +0 giant club.
An ogre is nearby!
An ogre is nearby!
An ogre is nearby!
There's something in the way.
You swing at nothing.
The ogre shouts!
You throw a datura-tipped dart. The datura-tipped dart hits the ogre.
The ogre flies into a frenzy!
No target in view!
The ogre hits you with a +0 giant club!
You hit the ogre.
The ogre is moderately wounded.
The ogre hits you with a +0 giant club!!
* * * LOW HITPOINT WARNING * * *
A red film seems to cover your vision as you go berserk!
You feel yourself moving faster!
You feel mighty! The ogre hits you but does no damage.
The ogre closely misses you.
You barely miss the ogre.
The ogre is lightly wounded.
You closely miss the ogre.
The ogre is lightly wounded.
The ogre hits you with a +0 giant club!!
You die...

#.# #.....#
###.##
#.####..#.#
#.....
#.........#
##.#.#.
######.####
#....#. #(#
#..###. #.#
#...... #.#
#.##### #O#
####.# #
#@# #.)..#
# #.#
#)#### #
#.# #.# #.#
#.# # #(#
#.# # #.#
#.########
#.#
#.........
#.#
####..###.
#.# #...##.


You could see a neutral ogre (fast, strong, insane).

Vanquished Creatures
  A black bear (D:5)
  A centaur (D:3)
  A scorpion (D:4)
  A water moccasin skeleton (D:4)
  A jelly (D:5)
  A hound (D:4)
  Crazy Yiuf (D:5)
  2 hound skeletons (D:4)
  3 gnolls (D:5)
  6 adders
  2 worms (D:2)
  4 dart slugs
  5 ball pythons
  7 endoplasms
  5 giant cockroaches
  5 goblins
  7 hobgoblins
  A bat (D:2)
  2 frilled lizards
  5 kobolds
  3 rats
64 creatures vanquished.

Vanquished Creatures (others)
  2 withered plants (D:4)
2 creatures vanquished.

Grand Total: 66 creatures vanquished

Notes
Turn   | Place    | Note
-------+----------+-------------------------------------------
     0 | D:1      | Squid the Hill Orc Berserker began the quest for the Orb.
     0 | D:1      | Reached XP level 1. HP: 19/19 MP: 1/1
   296 | D:1      | HP: 1/30 [kobold (3)]
   297 | D:1      | Reached XP level 2. HP: 1/27 MP: 2/2
  1325 | D:2      | Found a white marble altar of Elyvilon.
  1373 | D:2      | Reached XP level 3. HP: 24/34 MP: 3/3
  3279 | D:3      | Noticed a centaur
  3284 | D:3      | Killed a centaur
  3285 | D:3      | Reached skill level 5 in Fighting
  3285 | D:3      | Reached skill level 6 in Axes
  3285 | D:3      | Reached XP level 4. HP: 42/42 MP: 4/4
  3285 | D:3      | Reached XP level 5. HP: 48/48 MP: 5/5
  3971 | D:3      | Reached ** piety under Trog
  4027 | D:3      | Found a hazy altar of Hepliaklqana.
  4094 | D:4      | Found a staircase to the Ecumenical Temple.
  4102 | Temple   | Entered the Ecumenical Temple
  4445 | D:4      | Reached XP level 6. HP: 49/56 MP: 6/6
  4452 | D:4      | Reached skill level 7 in Axes
  4883 | D:4      | Found a basalt altar of Yredelemnul.
  5418 | D:5      | Entered Level 5 of the Dungeon
  5503 | D:5      | Found a runed translucent door.
  5504 | D:5      | Noticed Crazy Yiuf
  5544 | D:5      | Killed Crazy Yiuf
  5731 | D:5      | Noticed a black bear
  5735 | D:5      | Killed a black bear
  5736 | D:5      | Reached XP level 7. HP: 63/63 MP: 7/7
  5918 | D:5      | Mangled by an ogre

Illustrated notes

Levels and vault maps discovered:
D:1:      dpeg_arrival_circle_labyrinth_c, layout_basic
D:2:      layout_loops_corners, basic_altar
D:3:      layout_rooms, nicolae_hepliaklqana_hippocampus,
          minmay_misc_feat_columns, chequers_serial_rivers_room_a,
          minmay_ruptured
D:4:      layout_layer_cave, yredelemnul_altar_generic,
          minmay_temple_entry_statues_fountains, serial_glass, glass_columns_a,
          glass_columns_a
D:5:      layout_loops_ring, lemuel_tele_altar, minmay_misc_feat_rows,
          uniq_grinder, uniq_eustachio, uniq_crazy_yiuf_cottage
Temple:   zaba_magenta_temple

Skill      XL: |  1  2  3  4  5  6 |
---------------+-------------------+-----
Fighting       | 4 5 6 |  6.2
Axes           | 6 7 |  7.7
Armour         | 3 4 |  4.4
Throwing       | |  0.1
Dodging        | |  1.5

Action                   |  1- 3 |  4- 6 |  7- 9 || total
-------------------------+-------+-------+-------++-------
Melee: Hand axe          |   115 |   130 |    17 ||   262
Throw: Dart              |     1 |       |     5 ||     6
Invok: Berserk           |     2 |     3 |     1 ||     6
Evoke: Wand              |     1 |     7 |     1 ||     9
  Use: Scroll            |     3 |     2 |       ||     5
       Potion            |     1 |       |       ||     1
 Stab: Invisible         |       |     1 |       ||     1
Armor: Animal skin       |    23 |     3 |       ||    26
       Ring mail         |       |    31 |       ||    31
       Chain mail        |       |    18 |    12 ||    30
Dodge: Dodged            |    90 |    71 |     7 ||   168

Table legend: (Time is in decaauts)
 A = Elapsed time spent in this place.
 B = Non-inter-level travel time spent in this place.
 C = Inter-level travel time spent in this place.
 D = Time resting spent in this place.
 E = Time spent auto-exploring this place.
 F = Levels seen in this place.
 G = Mean time per level.
                   A        B        C        D        E       F      G
               +--------+--------+--------+--------+--------+-----+--------+
         Total |   5972 |   5712 |    260 |   1408 |   3528 |   6 |  995.3 |
       Dungeon |   5899 |   5657 |    242 |   1408 |   3478 |   5 | 1179.8 |
        Temple |     73 |     55 |     18 |      0 |     50 |   1 |   73.0 |
               +--------+--------+--------+--------+--------+-----+--------+

Top non-repeatable levels by time:
     D:2: 1857 daAuts
     D:1: 1332 daAuts
     D:4: 1255 daAuts
     D:3: 938 daAuts
     D:5: 515 daAuts
  Temple: 73 daAuts
